 Dungeon Crawl Stone Soup version 0.30-a0-596-g0af90f9a20 (webtiles) character file.

Game seed: 865514119369830591

12831 omnomnOMINOUS the Basher (level 10, -2/74 HPs)
             Began as an Octopode Wanderer on Jan 6, 2023.
             Was a Priest of Ru.
             Slain by a blink frog (16 damage)
             ... on level 3 of the Lair of Beasts.
             The game lasted 00:36:51 (14231 turns).

omnomnOMINOUS the Basher (Octopode Wanderer)       Turns: 14231, Time: 00:36:51

Health: -2/74      AC:  5    Str:  9    XL:     10   Next: 99%
Magic:  19/19      EV: 16    Int: 26    God:    Ru [***...]
Gold:   480        SH:  7    Dex: 13    Spells: 20/21 levels left

rFire   x . .      SeeInvis +    a - +10 whip of Bodily Harmony {flame, rPois SInv}
rCold   x . .      Faith    .    K - +2 buckler
rNeg    . . .      Spirit   .    e - +0 hat
rPois   +          Reflect  .    (no amulet)
rElec   .          Harm     .    d - +4 ring of protection
rCorr   +          Rampage  .    u - ring of resist corrosion
Will    +....                    D - +6 ring of intelligence
Stlth   +++                      B - ring of willpower
HPRegen 0.32/turn                M - ring of poison resistance
MPRegen 0.16/turn                (no ring)
                                 (no ring)
                                 (no ring)

@: no status effects
A: almost no armour, amphibious, 8 rings, camouflage 1, gelatinous body 1,
inexperienced 1, temperature sensitive, (nimble swimmer 1), tentacles
a: Renounce Religion, Draw Out Power


You were on level 3 of the Lair of Beasts.
You worshipped Ru.
Ru was most pleased with you.
You visited 3 branches of the dungeon, and saw 12 of its levels.
You also visited: Ossuary.

You collected 660 gold pieces.
You spent 180 gold pieces at shops.

Inventory:

Hand Weapons
 a - the +10 whip of Bodily Harmony (weapon) {flame, rPois SInv}
   (You bought it in a shop on level 1 of the Dungeon)

   rPois:     It protects you from poison.
   SInv:      It lets you see invisible.
 b - a +3 sling
 o - a +1 morningstar
 w - a +0 trident of venom
 x - a +1 rapier of freezing
 y - a +3 dire flail
 A - a +0 shortbow
Missiles
 g - 6 poisoned darts
 N - 5 atropa-tipped darts
 P - 2 throwing nets
Armour
 e - a +0 hat (worn)
 K - a +2 buckler (worn)
Magical Staves
 c - a staff of air
 Q - a staff of conjuration
Jewellery
 d - a +4 ring of protection (left tentacle)
 u - a ring of resist corrosion (right tentacle)
 B - a ring of willpower (on tentacle)
 D - a +6 ring of intelligence (on tentacle)
 M - a ring of poison resistance (on tentacle)
 S - a ring of fire
Wands
 p - a wand of paralysis (7)
 E - a wand of light (19)
 G - a wand of flame (18)
Scrolls
 h - 3 scrolls of magic mapping
 i - 3 scrolls of blinking
 k - a scroll of brand weapon
 l - 3 scrolls of vulnerability
 m - 9 scrolls of noise
 r - 6 scrolls of enchant weapon
 s - a scroll of fog
 t - 3 scrolls of summoning
 v - 5 scrolls of immolation
 z - 2 scrolls of torment
 H - 3 scrolls of silence
 J - 2 scrolls of teleportation
 L - a scroll of poison
Potions
 f - 4 potions of haste
 j - 8 potions of curing
 n - 4 potions of resistance
 q - 4 potions of might
 C - a potion of brilliance
 F - a potion of ambrosia
 I - 4 potions of mutation
 O - a potion of flight {unknown}
 R - a potion of invisibility {unknown}


   Skills:
 + Level 9.0 Fighting
 + Level 11.3 Maces & Flails
 - Level 3.0 Ranged Weapons
 + Level 8.9 Dodging
 - Level 4.0 Stealth
 - Level 5.0 Shields
 - Level 6.0 Spellcasting
 * Level 1.3 Conjurations
 - Level 2.0 Transmutations


You had 20 spell levels left.
You knew the following spells:

 Your Spells              Type           Power      Damage    Failure   Level
a - Sting                 Tmut/Pois      52%        1d5       6%          1

Your spell library contained the following spells:

 Spells                   Type           Power      Damage    Failure   Level
 Beastly Appendage        Tmut           36%        N/A       3%          1
 Wereblood                Tmut           18%        N/A       6%          2
 Spider Form              Tmut/Pois      13%        N/A       17%         3
 Ignite Poison            Fire/Tmut/Pois 11%        N/A       21%         3
 Portal Projectile        Hex/Tloc       14%        N/A       26%         3
 Tukima's Dance           Hex            7%         N/A       26%         3
 Blade Hands              Tmut           9%         N/A       71%         5
 Iskenderun's Battlesphe  Conj           14%        2d7       80%         5
 Fireball                 Conj/Fire      5%         3d5       88%         5
 Conjure Ball Lightning   Conj/Air       5%         3x3d6     100%        6
 Orb of Destruction       Conj           7%         9d6       100%        7


Dungeon Overview and Level Annotations

Branches:
Dungeon (8/15)             Temple (1/1) D:7            Lair (3/5) D:8
  Swamp (0/4) Lair:2        Snake (0/4) Lair:2      Ossuary (visited)

Altars:
Ashenzari
Cheibriados
Dithmenos
Fedhas
Gozag
Hepliaklqana
Kikubaaqudgha
Makhleb
Nemelex Xobeh
Okawaru
Qazlal
Ru
Sif Muna
Trog
Uskayaw
Vehumet
Wu Jian
Xom
Zin
The Shining One

Shops:
D:1 (

Annotations:
Lair:1 Gastronok


Innate Abilities, Weirdness & Mutations

You cannot wear most types of armour.
You are amphibious.
You can wear up to eight rings at the same time.
Your skin changes colour to match your surroundings (Stealth+).
Your rubbery body absorbs attacks. (AC +1, EV +1)
You are somewhat inexperienced. (-1 XL)
You are sensitive to extremes of temperature. (rF-, rC-)
((You are camouflaged when in or above water. (Stealth+)))
You have tentacles for arms and can constrict up to eight enemies at once.


Message History

You hit the blink frog but do no damage.
You grab the blink frog. Your squeeze misses the blink frog.
You constrict the blink frog. The blink frog hits you!
You miss the blink frog. You grab the blink frog. You squeeze the blink frog!
The blink frog is heavily wounded.
You constrict the blink frog, but do no damage.
You constrict the blink frog. The blink frog hits you!!
You hit the blink frog. You burn the blink frog. You squeeze the blink frog.
The blink frog is severely wounded.
You constrict the blink frog. x2; The blink frog misses you.
You whack the blink frog! You burn the blink frog.
You kill the blink frog!
You constrict the blink frog. The blink frog hits you.
Your Conjurations skill increases to level 1!
You completely miss the blink frog.
The blink frog is lightly wounded.
You constrict the blink frog.
The blink frog is stunned by your conviction and fails to attack.
You whack the blink frog! You burn the blink frog!
The blink frog is severely wounded.
You constrict the blink frog.
The blink frog struggles to blink free from constriction.
You hit the blink frog. You burn the blink frog.
The blink frog is almost dead.
You constrict the blink frog. The blink frog hits you.
* * * LOW HITPOINT WARNING * * *
You barely miss the blink frog. You squeeze the blink frog.
You kill the blink frog!
You barely miss the blink frog. You grab the blink frog.
You constrict the blink frog. You block the blink frog's attack.
You barely miss the blink frog. You constrict the blink frog.
You hit the blink frog. You burn the blink frog.
Your squeeze misses the blink frog.
The blink frog is moderately wounded.
You constrict the blink frog. The blink frog hits you!
* * * LOW HITPOINT WARNING * * *
You hit the blink frog. You burn the blink frog. You squeeze the blink frog.
The blink frog is heavily wounded.
You constrict the blink frog. The blink frog hits you!
You die...

##### ...
... ...
###.#
..###.#.#
........#
#..†@#
#...†F#
...#....#
. ##..#.
..# . ...
.. ....
.. .....
...


You could see a blink frog.

Vanquished Creatures
  A black mamba (Lair:2)
  A torpor snail (Lair:1)
  6 cane toads
  Maggie (D:7)
  A komodo dragon (Lair:2)
  A rime drake (D:8)
  A hornet (D:7)
  8 blink frogs
  11 yaks
  A basilisk (Lair:2)
  A wyvern (Lair:1)
  4 swamp worms (Lair:2)
  Menkaure (D:7)
  3 nagas (Lair:2)
  4 water moccasins
  A black bear (D:4)
  5 ice beasts (D:8)
  15 wolves
  2 ogres
  A centaur (D:6)
  A phantom (D:5)
  4 bullfrogs
  3 scorpions
  2 necrophages
  12 wights
  11 killer bees
  2 electric eels
  A howler monkey (D:8)
  A centaur zombie (Ossuary)
  A human zombie (Ossuary)
  3 hounds
  5 jellies
  A gnoll bouda (D:6)
  5 orc priests
  3 iguanas
  5 orc wizards
  5 mummies
  6 gnolls
  5 adders
  3 worms
  2 dart slugs
  21 orcs
  6 ball pythons
  10 endoplasms
  3 giant cockroaches
  5 goblins
  10 hobgoblins
  4 jackals (D:1)
  7 kobolds
  8 quokkas
  5 bats
  9 frilled lizards
  4 hobgoblin zombies
  2 kobold zombies (Ossuary)
  2 orc zombies (Ossuary)
  25 rats
271 creatures vanquished.

Vanquished Creatures (others)
  A komodo dragon (Lair:1)
  A wyvern (Lair:1)
  A demonic plant (D:1)
  7 fungi
  18 plants
28 creatures vanquished.

Grand Total: 299 creatures vanquished

Notes
Turn   | Place    | Note
-------+----------+-------------------------------------------
     0 | D:1      | omnomnOMINOUS the Octopode Wanderer began the quest for the
                  | Orb.
     0 | D:1      | omnomnOMINOUS set off with the following items: a +2 sling,
                  | a +0 hat, a scroll of teleportation; and the following
                  | spell memorised: Sting; and the following spells available
                  | to memorise: Ignite Poison.
     0 | D:1      | Reached XP level 1. HP: 13/13 MP: 2/2
    63 | D:1      | Reached XP level 2. HP: 5/18 MP: 4/4
   170 | D:1      | Reached skill level 1 in Dodging
   300 | D:1      | Found a faded altar of an unknown god.
   383 | D:1      | Reached XP level 3. HP: 24/24 MP: 5/5
   478 | D:1      | Found Seddyits's Antique Weapon Emporium.
  1032 | D:2      | Reached XP level 4. HP: 29/29 MP: 7/7
  1766 | D:3      | Found a glowing silver altar of Zin.
  2335 | D:3      | Reached skill level 1 in Shields
  2668 | D:4      | Reached XP level 5. HP: 35/35 MP: 8/8
  2693 | D:4      | Noticed a black bear
  2721 | D:4      | Noticed an ogre
  2908 | D:4      | Reached XP level 6. HP: 42/42 MP: 10/10
  3021 | D:4      | Found a sacrificial altar of Ru.
  3033 | D:4      | Found a shadowy altar of Dithmenos.
  3037 | D:4      | Found a burning altar of Makhleb.
  3052 | D:4      | Became a worshipper of Ru the Awakened
  3338 | D:5      | Entered Level 5 of the Dungeon
  3710 | D:4      | Killed a black bear
  3760 | D:4      | Reached XP level 7. HP: 28/46 MP: 12/12
  4029 | D:5      | Identified the +1 robe of the Ecumenical Temple {rElec rC+
                  | Dex-3}
  4219 | D:1      | Bought an iridescent whip for 180 gold pieces
  4219 | D:1      | Identified the +10 whip of Bodily Harmony {flame, rPois
                  | SInv} (You bought it in a shop on level 1 of the Dungeon)
  4416 | D:5      | Reached skill level 1 in Maces & Flails
  4517 | D:5      | Found a stormy altar of Qazlal.
  4524 | D:5      | Paralysed by an orc for 3 turns
  4531 | D:5      | Paralysed by an orc for 4 turns
  4673 | D:5      | Reached skill level 2 in Maces & Flails
  5278 | D:6      | Reached XP level 8. HP: 39/54 MP: 12/14
  5449 | D:6      | Gained mutation: You are somewhat inexperienced. (-1 XL)
                  | [Ru sacrifice]
  5449 | D:6      | Reached XP level 7. HP: 49/49 MP: 13/13
  5449 | D:6      | Reached * piety under Ru
  5537 | D:6      | Reached skill level 3 in Maces & Flails
  5940 | D:6      | Reached skill level 4 in Maces & Flails
  6453 | D:7      | Found a sand-covered staircase.
  6459 | Ossuary  | Entered an ossuary
  6568 | Ossuary  | Reached skill level 5 in Fighting
  6725 | D:7      | Found a staircase to the Ecumenical Temple.
  6739 | D:7      | Reached XP level 8. HP: 37/55 MP: 13/15
  6814 | Temple   | Entered the Ecumenical Temple
  6819 | Temple   | Reached skill level 5 in Dodging
  7061 | Temple   | Reached skill level 5 in Maces & Flails
  7251 | D:7      | Reached skill level 5 in Spellcasting
  7791 | D:7      | Reached skill level 5 in Shields
  7902 | D:7      | Noticed a hornet
  7905 | D:7      | Noticed Maggie
  7962 | D:7      | Noticed Menkaure
  7975 | D:7      | Killed Menkaure
  7976 | D:7      | Reached skill level 6 in Maces & Flails
  8094 | D:7      | Killed Maggie
  8138 | D:7      | Killed a hornet
  8144 | D:7      | Reached XP level 9. HP: 57/62 MP: 17/17
  8270 | D:7      | Reached skill level 7 in Maces & Flails
  8592 | D:8      | Found a glowing golden altar of the Shining One.
  8620 | D:8      | Gained mutation: You are sensitive to extremes of
                  | temperature. (rF-, rC-) [Ru sacrifice]
  8620 | D:8      | Reached ** piety under Ru
  8620 | D:8      | Reached *** piety under Ru
  8838 | D:8      | Found a staircase to the Lair.
  9225 | D:8      | HP: 2/63 [rime drake/icy flash freeze (25)]
  9834 | Lair:1   | Entered Level 1 of the Lair of Beasts
  9843 | Lair:1   | Reached skill level 8 in Maces & Flails
  9904 | Lair:1   | Noticed a cane toad
  9948 | Lair:1   | Killed a cane toad
 10206 | Lair:1   | Noticed a cane toad
 10217 | Lair:1   | Killed a cane toad
 10402 | Lair:1   | Reached skill level 9 in Maces & Flails
 10681 | Lair:1   | Reached XP level 10. HP: 53/71 MP: 19/19
 11052 | Lair:1   | Noticed Gastronok
 11079 | Lair:1   | Noticed a death yak
 11079 | Lair:1   | Noticed a death yak
 11740 | Lair:1   | Reached skill level 10 in Maces & Flails
 12179 | Lair:1   | Noticed a death yak
 12690 | Lair:2   | Found a staircase to the Snake Pit.
 12903 | Lair:2   | Found a staircase to the Swamp.
 13377 | Lair:2   | Reached skill level 11 in Maces & Flails
 14224 | Lair:3   | Reached skill level 1 in Conjurations
 14231 | Lair:3   | Slain by a blink frog

Illustrated notes

Levels and vault maps discovered:
D:1:      psy_arrival_statuary, layout_loops_ring, serial_shops, shop,
          shapermc_ecumenical_altar_gd
D:2:      layout_basic, columned_hall_lemuel, minmay_rat_hole
D:3:      layout_basic, mainiacjoe_overflow_brackets
D:4:      layout_cave_pools, minmay_overflow_temple_star_quad, minmay_surrounded
D:5:      layout_basic, mainiacjoe_overflow_alcove_2, grunt_decor_arrowhead
D:6:      layout_loops_corners
D:7:      layout_basic, minmay_temple_entry_drinking_statues,
          nicolae_ossuary_entry_giza, hangedman_decor_peaks_small,
          dk_noncrumbling_3, chequers_big_river, minmay_circle_x, uniq_maggie,
          uniq_menkaure
D:8:      layout_loops_ring, tso_metal_star, hellmonk_lair_entry_icy
Temple:   nicolae_temple_two_arcs
Lair:1:   layout_regular_city, grunt_megastairs_5, lemuel_fruit_tree,
          infiniplex_staircase_pool_2, uniq_gastronok
Lair:2:   layout_loops_ring, nicolae_swamp_entry_splash_gauntlet,
          nicolae_snake_entry_squirm
Lair:3:   layout_regular_city, grunt_forest_small_clearings, lemuel_fruit_fields

Skill      XL: |  1  2  3  4  5  6  7  8  9 10 |
---------------+-------------------------------+-----
Dodging        | 1 2 3 4 6 7 8 |  8.9
Fighting       | 2 3 5 6 7 9 |  9.0
Spellcasting   | 2 3 4 5 6 |  6.0
Shields        | 1 2 4 5 |  5.0
Maces & Flails | 4 6 9 11 | 11.3
Conjurations   | 1 |  1.3
Ranged Weapons | |  3.0
Stealth        | |  4.0
Transmutations | |  2.0

Action                   |  1- 3 |  4- 6 |  7- 9 | 10-12 || total
-------------------------+-------+-------+-------+-------++-------
Melee: Mace              |     4 |       |       |       ||     4
       Tentacles         |     2 |     9 |    71 |    37 ||   119
       Constrict         |     1 |     5 |    61 |    18 ||    85
       Rapier            |       |    24 |    16 |       ||    40
       Whip              |       |       |   320 |   190 ||   510
       Punch             |       |       |     2 |     4 ||     6
 Fire: Sling             |   131 |   138 |    85 |    46 ||   400
 Cast: Sting             |       |       |     3 |       ||     3
Invok: Sacrifice Experie |       |       |     1 |       ||     1
       Draw Out Power    |       |       |     2 |     4 ||     6
       Sacrifice Resista |       |       |     1 |       ||     1
       Reject Sacrifices |       |       |       |     1 ||     1
Evoke: Wand              |       |       |     2 |       ||     2
  Use: Potion            |       |     1 |     3 |     2 ||     6
       Scroll            |       |       |    18 |     4 ||    22
 Stab: Sleeping          |     1 |     1 |    13 |     2 ||    17
       Paralysed         |       |       |     3 |       ||     3
       Distracted        |       |       |     1 |       ||     1
       Invisible         |       |       |       |     1 ||     1
Armor: Skin              |    27 |    12 |    34 |    10 ||    83
Dodge: Dodged            |    57 |    18 |   174 |    63 ||   312
Block: Buckler           |       |     5 |    80 |    37 ||   122

Table legend: (Time is in decaauts)
 A = Elapsed time spent in this place.
 B = Non-inter-level travel time spent in this place.
 C = Inter-level travel time spent in this place.
 D = Time resting spent in this place.
 E = Time spent auto-exploring this place.
 F = Levels seen in this place.
 G = Mean time per level.
                   A        B        C        D        E       F      G
               +--------+--------+--------+--------+--------+-----+--------+
         Total |  14198 |  13439 |    759 |   3744 |   7037 |  13 | 1092.2 |
       Dungeon |   9690 |   9079 |    611 |   1798 |   5563 |   8 | 1211.2 |
        Temple |    412 |    398 |     14 |    259 |     82 |   1 |  412.0 |
          Lair |   3863 |   3729 |    134 |   1687 |   1277 |   3 | 1287.7 |
       Ossuary |    232 |    232 |      0 |      0 |    115 |   1 |  232.0 |
               +--------+--------+--------+--------+--------+-----+--------+

Top non-repeatable levels by time:
  Lair:2: 1938 daAuts
  Lair:1: 1910 daAuts
     D:8: 1675 daAuts
     D:7: 1532 daAuts
     D:5: 1283 daAuts
     D:3: 1172 daAuts
     D:6: 1144 daAuts
     D:4: 1051 daAuts
     D:1: 1042 daAuts
     D:2: 787 daAuts
  Temple: 412 daAuts
 Ossuary: 232 daAuts
  Lair:3: 14 daAuts
